[Event "Team 45 45 League T44"]
[Site "Internet Chess Club"]
[Date "2010.03.01"]
[Round "4"]
[White "dabodhi"]
[Black "Moxley"]
[Result "1-0"]
[WhiteElo "1298"]
[BlackElo "1347"]
[Opening "French: Winawer, fingerslip variation"]
[ECO "C15"]
[Time "19:00:10"]
[TimeControl "2700+45"]

1. e4 e6 2. d4 d5 3. Nc3 Bb4 4. Bd2 Bxc3 5. Bxc3 a6 6. e5 Ne7 7. Bd3 Nd7 8. g4
c5 9. f4 cxd4 10. Bxd4 Qa5+ 11. c3 Nc5 12. Bc2 Qc7 13. Nh3 Bd7 14. Qf3 Ne4 15.
Bxe4 dxe4 16. Qe3 Nd5 17. Qxe4 Bc6 18. O-O Nf6 19. Qe2 Bb5 20. Qf3 Bxf1 21. Rxf1
Nd5 22. f5 O-O-O 23. Ng5 Rdf8 24. f6 gxf6 25. exf6 h6 26. Ne4 e5 27. Qf5+ Kd8
28. Bxe5 Qb6+ 29. Rf2 Qe6 30. Rd2 Qxf5 31. gxf5 Rfg8+ 32. Kf2 Kc8 33. Nd6+ Kb8
34. Nxf7+ Nc7 35. Rd7 Rc8 36. Nxh8 Rxh8 37. f7 {Black resigns} 1-0

[Event "Team 45 45 League T44"]
[Site "Internet Chess Club"]
[Date "2010.02.27"]
[Round "4"]
[White "Newcastler"]
[Black "Tamarin"]
[Result "0-1"]
[WhiteElo "1325"]
[BlackElo "1552"]
[Opening "QGD: exchange, positional line"]
[ECO "D35"]
[Time "22:00:09"]
[TimeControl "2700+45"]

1. d4 d5 2. c4 e6 3. Nc3 Nf6 4. cxd5 exd5 5. Bg5 Be7 6. Nf3 Nc6 7. e3 Bg4 8. Be2
O-O 9. O-O Rb8 10. a3 a6 11. b4 Qd7 12. Ne5 Nxe5 13. dxe5 Bxe2 14. Nxe2 Ng4 15.
Bxe7 Qxe7 16. Qxd5 Nxe5 17. Rac1 c6 18. Qc5 Qxc5 19. Rxc5 Rfe8 20. h3 Rbd8 21.
Nd4 f6 22. Rc3 Ra8 23. a4 a5 24. b5 cxb5 25. Nxb5 Rac8 26. Rxc8 Rxc8 27. Nd6 Rb8
28. Rb1 b6 29. f4 Nd7 30. e4 Nc5 31. Ra1 g6 32. h4 Kf8 33. f5 Ke7 34. Nc4 Nxe4
35. Re1 gxf5 36. g4 Kd7 37. gxf5 Nc5 38. Rd1+ Kc7 39. Nb2 Rd8 40. Rxd8 Kxd8 41.
Kf2 Kc7 42. Ke2 Kc6 43. Ke3 Kd5 44. Kf4 Nxa4 45. Nxa4 b5 46. Nc3+ Kc4 47. Ne4 a4
48. Nxf6 a3 49. Ne4 a2 50. f6 a1=Q 51. f7 Qa3 52. Ke5 Qe7+ 53. Kf5 Qxf7+ 54. Nf6
b4 {White resigns} 0-1

[Event "Team 45 45 League T44"]
[Site "Internet Chess Club"]
[Date "2010.03.02"]
[Round "4"]
[White "rgadoury"]
[Black "ffplayer"]
[Result "1-0"]
[WhiteElo "1269"]
[BlackElo "1029"]
[Opening "Philidor: Hanham variation"]
[ECO "C41"]
[Time "17:00:09"]
[TimeControl "2700+45"]

1. e4 d6 2. Nf3 e5 3. d4 Nd7 4. d5 Ngf6 5. Bd3 Be7 6. O-O O-O 7. Re1 a6 8. h3 b5
9. b4 Bb7 10. Nc3 c6 11. dxc6 Bxc6 12. a3 Re8 13. Bg5 h6 14. Bh4 Bb7 15. Re3 Nh7
16. Bxe7 Qxe7 17. Nd5 Bxd5 18. exd5 Nhf6 19. Bf5 Nb6 20. Be4 Nxe4 21. Rxe4 Nc4
22. Ra2 Rac8 23. Nd2 Nxd2 24. Qxd2 f5 25. Re2 f4 26. Qd3 Rf8 27. Re4 Rf6 28. c4
Rb8 29. cxb5 axb5 30. Rc2 Qf8 31. Re1 f3 32. g3 Qd8 33. Qe4 Qd7 34. Kh2 Rf7 35.
Rc3 Rbf8 36. Ree3 Kh8 37. Rxf3 Rxf3 38. Rxf3 Rb8 39. Rc3 Qd8 40. Kg2 Kg8 41. Rc6
Kh8 42. Qg6 Qe8 43. Qxd6 e4 44. Qe6 e3 45. Qxe3 Kg8 46. Qxe8+ Rxe8 47. Rb6 Rd8
48. Rxb5 Kf8 49. a4 Ke7 {Black resigns} 1-0

[Event "Team 45 45 League T44"]
[Site "Internet Chess Club"]
[Date "2010.02.27"]
[Round "4"]
[White "Toalla"]
[Black "aapt"]
[Result "1/2-1/2"]
[WhiteElo "1260"]
[BlackElo "1396"]
[Opening "Réti opening"]
[ECO "A04"]
[Time "16:00:26"]
[TimeControl "2700+45"]

1. Nf3 e6 2. g3 d5 3. d4 Bb4+ 4. c3 Ba5 5. b4 Bb6 6. a4 c6 7. Bg2 Nf6 8. Nbd2
O-O 9. O-O Re8 10. Re1 Nbd7 11. Qc2 e5 12. dxe5 Nxe5 13. Nxe5 Rxe5 14. Nf3 Bf5
15. Qb2 Re8 16. Nh4 Qd7 17. e3 Bh3 18. Nf3 Bxg2 19. Kxg2 Ne4 20. a5 Bc7 21. Nd4
Ng5 22. h4 Qh3+ 23. Kg1 Ne4 24. Qe2 Re5 25. Bd2 Nxd2 26. Qxd2 Re4 27. Nf3 Rg4
28. Nh2 Rg6 29. Qe2 Bxg3 30. fxg3 Rxg3+ 31. Kh1 Re8 32. Rg1 Rexe3 33. Rxg3 Qxg3
34. Rg1 Qe5 35. Qd2 Qe4+ 36. Qg2 Re2 37. Qxe4 dxe4 38. Rg2 Re1+ 39. Rg1 Re2 40.
Rg2 Re1+ 41. Rg1 Re2 42. Rg2 {Game drawn by repetition} 1/2-1/2

[Event "Team 45 45 League T44"]
[Site "Internet Chess Club"]
[Date "2010.02.28"]
[Round "4"]
[White "zepled37"]
[Black "vaknight"]
[Result "0-1"]
[WhiteElo "1720"]
[BlackElo "1677"]
[Opening "Caro-Kann: advance variation"]
[ECO "B12"]
[Time "17:08:41"]
[TimeControl "2700+45"]

1. e4 c6 2. d4 d5 3. e5 Bf5 4. Nc3 e6 5. g4 Bg6 6. Nge2 h6 7. Be3 Nd7 8. h4 Bb4
9. Bg2 Ne7 10. h5 Bh7 11. O-O O-O 12. Nb1 c5 13. c3 cxd4 14. Bxd4 Bc5 15. Bxc5
Nxc5 16. Nd4 Qb6 17. Qd2 Nd3 18. b3 Nxe5 19. g5 hxg5 20. Qxg5 Nf5 21. h6 Bg6 22.
Nxf5 exf5 23. Bxd5 Qd6 24. Bxb7 gxh6 25. Qd2 Rad8 26. Qxd6 Rxd6 27. c4 Rd3 28.
Na3 Bh5 29. Kh2 Kh8 30. Nb5 Rg8 31. Nxa7 Bf3 32. Bxf3 Nxf3+ 33. Kh3 Rd4 {White
resigns} 0-1

[Event "Team 45 45 League T44"]
[Site "Internet Chess Club"]
[Date "2010.02.27"]
[Round "4"]
[White "check-man"]
[Black "MaxII"]
[Result "0-1"]
[WhiteElo "1510"]
[BlackElo "1678"]
[Opening "Petrov three knights game"]
[ECO "C42"]
[Time "10:00:21"]
[TimeControl "2700+45"]

1. e4 e5 2. Nf3 Nf6 3. Nc3 d6 4. d4 exd4 5. Nxd4 Be7 6. Bf4 O-O 7. Qd2 a6 8. Bd3
c5 9. Nf3 b5 10. e5 dxe5 11. Bxe5 Nc6 12. Bxf6 Bxf6 13. O-O Re8 14. Rad1 Bg4 15.
Be4 Rc8 16. Qxd8 Nxd8 17. Rfe1 Ne6 18. Bb7 Rb8 19. Bxa6 Rb6 20. Bxb5 Reb8 21. h3
Bxf3 22. gxf3 Bxc3 23. bxc3 Rxb5 24. c4 Rb2 25. Rd7 Kf8 26. f4 Rb1 27. Rxb1
Rxb1+ 28. Kg2 Nxf4+ 29. Kg3 Ne6 30. Kf3 Rb2 31. a4 Rxc2 32. a5 Rxc4 33. a6 Ra4
34. a7 Ke8 35. Rb7 Nd8 36. Rc7 c4 37. Ke2 Ra3 38. Kd2 g5 39. f3 h5 40. Ke2 Ra2+
41. Ke3 c3 42. Kd3 c2 43. Rxc2 Rxa7 44. Rc4 Ne6 45. h4 Rd7+ 46. Ke4 gxh4 47. Kf5
Rd4 48. Rc1 Ke7 49. Ke5 f6+ 50. Kf5 Kf7 51. Rb1 Rf4# {White checkmated} 0-1

[Event "Team 45 45 League T44"]
[Site "Internet Chess Club"]
[Date "2010.02.28"]
[Round "4"]
[White "BrerRabbit"]
[Black "juniorVishy"]
[Result "1/2-1/2"]
[WhiteElo "1467"]
[BlackElo "1328"]
[Opening "English: Caro-Kann defensive system"]
[ECO "A11"]
[Time "19:03:29"]
[TimeControl "2700+45"]

1. c4 c6 2. g3 d5 3. Bg2 Nf6 4. Nf3 Bf5 5. cxd5 cxd5 6. Qb3 Qc7 7. Nc3 e6 8. d3
Bc5 9. O-O O-O 10. Be3 Bxe3 11. fxe3 Ng4 12. Rac1 Nc6 13. Nd1 Rac8 14. Nd4 Nxd4
15. Rxc7 Nxb3 16. Rxc8 Rxc8 17. axb3 Bg6 18. h3 Nf6 19. Nc3 a6 20. Ra1 Nd7 21.
e4 d4 22. Nd1 Rc6 23. e5 Rb6 24. Ra4 Nxe5 25. Rxd4 h6 26. Rd8+ Kh7 27. Rb8 Nc6
28. Nc3 Nd4 29. Rxb7 Rxb3 30. Kf2 Rxb7 31. Bxb7 a5 32. Ba6 f6 33. Ke3 e5 34. Bc8
Nf5+ 35. Kf2 Nd6 36. Bd7 Kg8 37. Nd5 Kf7 38. Nc3 Ke7 39. Bc6 Nf5 40. Nb5 Nd4 41.
Nxd4 exd4 42. Ke1 Kd6 43. Bb5 Kc5 44. Bc4 Be8 45. Kf2 Bd7 46. h4 Bc6 47. h5 Kd6
48. g4 Ke5 49. Kg3 Bd5 50. Bb5 Kd6 51. Kf4 Be6 52. Ba4 Kc5 53. Bd1 Kb4 54. e3
dxe3 55. Kxe3 Bb3 56. Bf3 Bc2 57. Bd5 Bd1 58. Be6 Bb3 59. Bxb3 Kxb3 60. d4 Kxb2
61. d5 a4 62. d6 a3 63. d7 a2 64. d8=Q a1=Q 65. Qd4+ Ka2 66. Qxa1+ Kxa1 67. Kf4
Kb2 68. Kf5 Kc3 69. Kg6 Kd4 70. Kxg7 Ke5 71. Kxh6 Kf4 72. Kg6 Kxg4 73. h6 f5 74.
h7 f4 75. h8=Q f3 76. Qh5+ Kg3 77. Qg5+ Kf2 78. Kh5 Kf1 79. Qc1+ Kg2 80. Qd2+ f2
81. Kg4 Kg1 82. Kg3 f1=N+ {Game drawn by mutual agreement} 1/2-1/2

[Event "Team 45 45 League T44"]
[Site "Internet Chess Club"]
[Date "2010.02.26"]
[Round "4"]
[White "rook9999"]
[Black "AlPearson"]
[Result "0-1"]
[WhiteElo "1681"]
[BlackElo "1476"]
[Opening "Alekhine's defense: modern, Larsen variation"]
[ECO "B04"]
[Time "13:28:39"]
[TimeControl "2700+45"]

1. e4 Nf6 2. e5 Nd5 3. d4 d6 4. Nf3 dxe5 5. dxe5 Nc6 6. Bc4 Nb6 7. Qxd8+ Nxd8 8.
Bb3 Nc6 9. Bf4 Na5 10. Nc3 Nxb3 11. axb3 Bf5 12. Nd4 e6 13. Nxf5 exf5 14. Nb5
Nd5 15. Rd1 a6 16. Rxd5 axb5 17. O-O c6 18. Rd3 Rd8 19. Rfd1 Rxd3 20. Rxd3 Be7
21. h3 O-O 22. Rd7 Re8 23. Rxb7 f6 24. Rc7 fxe5 25. Bxe5 Bc5 26. Bg3 Re2 27.
Rxc6 Rxc2 28. Rc8+ Kf7 29. Rc7+ Ke6 30. Rxg7 Rxb2 31. Rxh7 Rxb3 32. Rc7 Bd4 33.
Rc6+ Kf7 34. Rd6 Rb1+ 35. Kh2 Bc3 36. h4 Ra1 37. Rb6 b4 38. Bd6 Ra4 39. g3 Kg7
40. f3 Kh7 41. Kh3 Kg7 42. g4 fxg4+ 43. Kxg4 b3+ 44. Kg3 b2 45. f4 Ra1 46. Rb7+
Kg6 47. Rb6 b1=Q 48. Rxb1 Rxb1 49. Kg4 Rg1+ 50. Kf3 Bf6 51. Bc5 Rh1 52. Bf2 Ra1
53. Kg4 Ra8 54. Bg3 Rg8 55. f5+ Kh6+ 56. Kh3 Kh5 57. Bf2 Rg4 58. Bg3 Bxh4 59.
Bxh4 Rxh4+ 60. Kg3 Kg5 61. f6 Rf4 62. f7 Rxf7 63. Kh3 Rf4 64. Kg3 Kf5 65. Kg2
Kg4 66. Kg1 Rf3 67. Kh1 Kg3 68. Kg1 Rf8 69. Kh1 Rf1# {White checkmated} 0-1

[Event "Team 45 45 League T44"]
[Site "Internet Chess Club"]
[Date "2010.03.01"]
[Round "4"]
[White "Dolphin"]
[Black "Quaq"]
[Result "1-0"]
[WhiteElo "1685"]
[BlackElo "1580"]
[Opening "Scandinavian defense"]
[ECO "B01"]
[Time "15:01:48"]
[TimeControl "2700+45"]

1. e4 d5 2. exd5 Nf6 3. Nf3 Nxd5 4. Bc4 g6 5. O-O Bg7 6. d4 O-O 7. h3 c6 8. Nc3
h6 9. Nxd5 cxd5 10. Bb3 Nc6 11. c3 b6 12. Bf4 Bb7 13. Qd2 Kh7 14. Rfe1 e6 15.
Re2 Ba6 16. Ree1 Na5 17. Bc2 Nc4 18. Qc1 Rc8 19. Ne5 Nxe5 20. Bxe5 f6 21. Bf4
Rc6 22. Qd2 Qe7 23. Ba4 b5 24. Bb3 Qf7 25. Re3 Bc8 26. Rae1 Rd8 27. Bc2 Kg8 28.
R3e2 g5 29. Bg3 Re8 30. Bd3 a6 31. Qc2 Re7 32. a3 Bd7 33. Re3 e5 34. dxe5 fxe5
35. Bxe5 Rce6 36. Bh7+ Kh8 37. Bxg7+ Qxg7 38. Rxe6 Rxe6 39. Rxe6 Bxe6 40. Bf5
Qe5 41. Bxe6 Qe1+ 42. Kh2 Qe5+ 43. g3 Qxe6 44. Qd2 Kg7 45. Kg2 Kf6 46. Qd4+ Kg6
47. Qe3 Qc6 48. Qd3+ Kg7 49. Kf1 Qe6 50. Qd4+ Kg6 51. g4 Qc6 52. Qd3+ Kg7 53.
Kg1 Qe6 54. Kg2 Qc6 55. Qd4+ Kg6 56. f3 Qe6 57. Qd3+ Kg7 58. Kf2 Qd6 59. Qd4+
Kg6 60. Kg2 Qe6 61. Qd3+ Kg7 62. Qf1 Qe3 63. Qf2 Qe6 64. Kf1 Qc6 65. Qd4+ Kg6
66. f4 gxf4 67. Qxf4 Qc4+ 68. Qxc4 dxc4 69. h4 Kf6 70. Kf2 Ke5 71. Ke3 Kd5 72.
g5 hxg5 73. hxg5 Ke5 74. g6 Kf6 75. Kd4 Kxg6 76. Kc5 {Black resigns} 1-0

[Event "Team 45 45 League T44"]
[Site "Internet Chess Club"]
[Date "2010.03.01"]
[Round "4"]
[White "LazyPeon"]
[Black "clarinetref"]
[Result "1-0"]
[WhiteElo "1646"]
[BlackElo "1614"]
[Opening "King's Indian: 6.Be2"]
[ECO "E91"]
[Time "16:00:54"]
[TimeControl "2700+45"]

1. d4 Nf6 2. c4 d6 3. Nc3 g6 4. Nf3 Bg7 5. e4 O-O 6. Be2 Bg4 7. O-O Nbd7 8. b4
c6 9. Bb2 e5 10. d5 c5 11. a3 a5 12. Qb3 a4 13. Nxa4 Nxe4 14. Qc2 f5 15. Nc3
Nxc3 16. Bxc3 cxb4 17. axb4 Qc7 18. Qb3 Bh6 19. Rxa8 Rxa8 20. h3 Bxf3 21. Bxf3
e4 22. Be2 Rc8 23. Rd1 Bg7 24. Bxg7 Kxg7 25. Qc3+ Ne5 26. c5 Kf7 27. Rc1 Qe7 28.
Bb5 Nd3 29. Bxd3 exd3 30. c6 bxc6 31. dxc6 Qe4 32. b5 Qd5 33. Qc4 Ke6 34. Re1+
{Black resigns} 1-0

[Event "Team 45 45 League T44"]
[Site "Internet Chess Club"]
[Date "2010.02.27"]
[Round "4"]
[White "tryanything"]
[Black "xt"]
[Result "0-1"]
[WhiteElo "1568"]
[BlackElo "1594"]
[Opening "Sicilian: closed"]
[ECO "B24"]
[Time "18:02:49"]
[TimeControl "2700+45"]

1. e4 c5 2. Nc3 Nc6 3. g3 Nf6 4. Bg2 e6 5. Nge2 Be7 6. O-O O-O 7. d3 d5 8. exd5
exd5 9. a3 Bg4 10. Bg5 d4 11. Bxf6 Bxf6 12. Ne4 Re8 13. Nxf6+ Qxf6 14. Re1 Re6
15. Qd2 Rae8 16. Nf4 Re5 17. Nd5 Qe6 18. Rxe5 Qxe5 19. c3 Qe2 20. Qxe2 Rxe2 21.
Kf1 Rxb2 22. Re1 Kf8 23. Nc7 Ne7 24. cxd4 cxd4 25. h3 Bf5 26. Be4 Bxh3+ 27. Kg1
Bd7 28. Ra1 Bc6 29. f3 Rb3 30. Kf2 Bxe4 31. dxe4 Rb2+ 32. Ke1 Rg2 33. g4 Rg1+
{White resigns} 0-1

[Event "Team 45 45 League T44"]
[Site "Internet Chess Club"]
[Date "2010.02.24"]
[Round "4"]
[White "chesshawk"]
[Black "tightfist"]
[Result "1-0"]
[WhiteElo "1534"]
[BlackElo "1398"]
[Opening "Queen's pawn: Keres defense"]
[ECO "A40"]
[Time "18:02:26"]
[TimeControl "2700+45"]

1. d4 e6 2. c4 b6 3. Nc3 Bb7 4. e4 Bb4 5. Bd3 Nf6 6. Qe2 Bxc3+ 7. bxc3 O-O 8.
Nf3 d5 9. cxd5 exd5 10. e5 Re8 11. O-O Nbd7 12. Qc2 Ne4 13. Nd2 f5 14. f3 Nxd2
15. Bxd2 g6 16. Rfe1 c5 17. Bf4 Rc8 18. Qd2 cxd4 19. cxd4 Nf8 20. Bg5 Qd7 21.
Qb2 Ne6 22. Bf6 Nf4 23. Bb5 Bc6 24. Ba6 Bb7 25. Bb5 Bc6 26. a4 Bxb5 27. axb5 Nd3
28. Qe2 Nxe1 29. Rxe1 Re6 30. Rb1 Rce8 31. Qa2 Qc7 32. Qxd5 Qf7 33. Bg5 Rc8 34.
Ra1 Kf8 35. Bh6+ Kg8 36. Rxa7 Re7 37. Qxf7+ Kxf7 38. Ra6 Rb7 39. Be3 Rc3 40. Kf2
Rb3 41. d5 Rxb5 42. f4 Rxd5 43. Bxb6 Rd3 44. Bc5 Rb2+ 45. Ke1 Rc2 46. e6+ Kg8
47. e7 Kf7 48. Rf6+ Kxf6 49. e8=Q Rcd2 50. Qe7# {Black checkmated} 1-0

[Event "Team 45 45 League T44"]
[Site "Internet Chess Club"]
[Date "2010.02.27"]
[Round "4"]
[White "Burbia"]
[Black "rcddcr"]
[Result "0-1"]
[WhiteElo "1364"]
[BlackElo "1577"]
[Opening "Ruy Lopez: Berlin defense"]
[ECO "C65"]
[Time "17:00:29"]
[TimeControl "2700+45"]

1. e4 e5 2. Nf3 Nc6 3. Bb5 Nf6 4. d3 Bc5 5. c3 O-O 6. Bxc6 bxc6 7. Nxe5 d5 8. d4
Bd6 9. Nxc6 Qe8 10. Ne5 Nxe4 11. O-O f6 12. Nf3 Qh5 13. h3 Bxh3 14. Nh2 Bxh2+
15. Kxh2 Bg4+ 16. Kg1 Bxd1 17. f3 Ng3 18. Re1 Rae8 19. Bd2 Rxe1+ 20. Bxe1 Ne2+
21. Kf1 Qh1+ 22. Kf2 Qg1# {White checkmated} 0-1

[Event "Team 45 45 League T44"]
[Site "Internet Chess Club"]
[Date "2010.02.27"]
[Round "4"]
[White "Shiri2000"]
[Black "PANAMA-REY"]
[Result "1-0"]
[WhiteElo "1473"]
[BlackElo "1491"]
[Opening "Philidor's defense"]
[ECO "C41"]
[Time "12:10:21"]
[TimeControl "2700+45"]

1. e4 e5 2. Nf3 d6 3. Bc4 Be7 4. d3 h6 5. h3 Nc6 6. Be3 Na5 7. Nbd2 Nxc4 8. Nxc4
Nf6 9. Qd2 Be6 10. Qc3 b5 11. Na5 Bd7 12. Nc6 Bxc6 13. Qxc6+ Nd7 14. Qxb5 a6 15.
Qb3 a5 16. O-O O-O 17. Nd2 Rb8 18. Qc3 c5 19. a3 Qc7 20. Nc4 Ra8 21. Rab1 Nf6
22. b4 cxb4 23. axb4 axb4 24. Rxb4 d5 25. Bb6 Qc8 26. exd5 Nxd5 27. Qxe5 Nxb4
28. Qxe7 Nd5 29. Qe4 Nc3 30. Qe5 Na4 31. Rb1 Qc6 32. Be3 Rfe8 33. Qg3 Nc3 34.
Re1 Nd5 35. Rf1 Nxe3 36. fxe3 Qe6 37. Qf3 Ra2 38. Qf2 f6 39. e4 Qa6 40. Ne3 Rc8
41. Qf3 Qa7 42. Kh1 Ra1 43. Rxa1 Qxa1+ 44. Kh2 Qa7 45. c4 Qd4 46. Nf5 Qe5+ 47.
Qg3 Qxg3+ 48. Kxg3 Kf7 49. Kf4 Rd8 50. d4 g5+ 51. Ke3 h5 52. c5 Kg6 53. c6 Kf7
54. c7 Rc8 55. Nd6+ {Black resigns} 1-0

[Event "Team 45 45 League T44"]
[Site "Internet Chess Club"]
[Date "2010.02.28"]
[Round "4"]
[White "David2500"]
[Black "bajerk"]
[Result "1-0"]
[WhiteElo "1397"]
[BlackElo "1258"]
[Opening "Philidor's defense"]
[ECO "C41"]
[Time "10:00:13"]
[TimeControl "2700+45"]

1. e4 e5 2. Nf3 d6 3. Nc3 h6 4. Bc4 Nf6 5. O-O a6 6. a4 Nc6 7. d4 exd4 8. Nxd4
Nxd4 9. Qxd4 Be7 10. Bf4 O-O 11. Rfe1 Nh7 12. Nd5 Bg5 13. Bxg5 Nxg5 14. f4 Ne6
15. Qd2 Nc5 16. b4 Ne6 17. f5 Ng5 18. h4 Nh7 19. Qf2 Re8 20. Rad1 Re5 21. Nf4
Qe7 22. Ng6 Qf6 23. Nxe5 Qxe5 24. Qd4 Qf4 25. e5 Qxd4+ 26. Rxd4 Bxf5 27. exd6
cxd6 28. c3 Rd8 29. Re7 Bg6 30. Rxb7 Nf6 31. Rb6 d5 32. Bxa6 Rc8 33. Bxc8 {Black
resigns} 1-0

[Event "Team 45 45 League T44"]
[Site "Internet Chess Club"]
[Date "2010.03.07"]
[Round "4"]
[White "MeansToAnEnd"]
[Black "pedrin"]
[Result "1-0"]
[WhiteElo "1153"]
[BlackElo "1125"]
[Opening "Three knights game"]
[ECO "C46"]
[Time "12:09:30"]
[TimeControl "2700+45"]

1. e4 e5 2. Nf3 Nc6 3. Nc3 Bb4 4. d3 Bxc3+ 5. bxc3 h6 6. d4 exd4 7. cxd4 Qe7 8.
Bd3 Qb4+ 9. Bd2 Qb2 10. O-O Nxd4 11. Nxd4 Qxd4 12. Be3 Qe5 13. Qf3 Nf6 14. Bf4
Qc5 15. e5 Nd5 16. Rfe1 Nxf4 17. Qxf4 d6 18. exd6+ Kd7 19. dxc7 Qxc7 20. Qxf7+
Kd8 21. Qxc7+ Kxc7 22. Re7+ Kd8 23. Rxg7 Be6 24. Rxb7 Bd5 25. Rb2 Rg8 26. g3 Kd7
27. Rab1 Kc7 28. c4 Be6 29. Be4 Rab8 30. Bd5 Rxb2 31. Rxb2 Bxd5 32. cxd5 Kd6 33.
Rd2 Rg5 34. f4 Rxd5 35. Rxd5+ Kxd5 36. Kf2 Ke4 37. a4 a5 38. h3 h5 39. h4 Kf5
40. Ke3 Kg4 41. Kf2 Kf5 42. Kf3 Kg6 43. Ke4 Kf6 44. f5 Kf7 45. Ke5 Kg7 46. f6+
Kf7 47. Kf5 {Black resigns} 1-0

[Event "Team 45 45 League T44"]
[Site "Internet Chess Club"]
[Date "2010.02.26"]
[Round "4"]
[White "UnderRated"]
[Black "Salvatore"]
[Result "0-1"]
[WhiteElo "1652"]
[BlackElo "1654"]
[Opening "Sicilian defense"]
[ECO "B30"]
[Time "18:07:24"]
[TimeControl "2700+45"]

1. e4 c5 2. Nf3 Nc6 3. Bd3 e5 4. c3 Nf6 5. Bc2 d6 6. d3 Bg4 7. Nbd2 h6 8. h3 Bh5
9. g4 Bg6 10. Nf1 Qb6 11. Ne3 O-O-O 12. Bd2 d5 13. exd5 Nxd5 14. Nc4 Qc7 15. Qe2
f6 16. Nh4 Bf7 17. O-O Nf4 18. Bxf4 exf4 19. Na3 g6 20. Nb5 Qb6 21. c4 a6 22.
Nc3 Nd4 23. Qd1 Qxb2 24. Ne2 Qxc2 25. Nxd4 Qxd1 26. Rfxd1 Rxd4 27. Nf3 Rd8 28.
a4 Bg7 29. Rab1 Rhe8 30. Kf1 f5 31. gxf5 gxf5 32. Rb6 Bxc4 33. Rg6 Bf8 34. Ne1
Bb3 35. Rd2 Bxa4 36. Rf6 Rd5 37. Ng2 f3 38. Nf4 Rde5 39. Kg1 Re1+ 40. Kh2 Bg7
41. Rxf5 Bd7 42. Rxc5+ Kb8 43. d4 Bf8 44. Rd5 Bc6 45. Re5 R1xe5 46. dxe5 Bb4 47.
Rb2 Bc3 {White resigns} 0-1

[Event "Team 45 45 League T44"]
[Site "Internet Chess Club"]
[Date "2010.02.27"]
[Round "4"]
[White "CKNIGHT3"]
[Black "dabodhi"]
[Result "0-1"]
[WhiteElo "1452"]
[BlackElo "1278"]
[Opening "Nimzo-Indian: Fischer variation"]
[ECO "E43"]
[Time "18:00:13"]
[TimeControl "2700+45"]

1. d4 Nf6 2. c4 e6 3. Nc3 Bb4 4. e3 b6 5. Nf3 Bb7 6. Be2 Ne4 7. Qc2 f5 8. a3 Bd6
9. O-O O-O 10. Bd3 Ng5 11. Nxg5 Qxg5 12. e4 Qh5 13. h3 f4 14. e5 Be7 15. Be4 Nc6
16. Bf3 Qh4 17. Ne2 Rab8 18. Bd2 d6 19. Bxf4 Rxf4 20. Nxf4 Nxd4 21. Qd3 Nxf3+
22. gxf3 Qxf4 23. Rfe1 Bxf3 24. Qe3 Qf5 25. exd6 Qg6+ 26. Kf1 Qg2# {White
checkmated} 0-1

[Event "Team 45 45 League T44"]
[Site "Internet Chess Club"]
[Date "2010.02.26"]
[Round "4"]
[White "Tamarin"]
[Black "quaker"]
[Result "1-0"]
[WhiteElo "1545"]
[BlackElo "1324"]
[Opening "King's Indian defense, 3.Nc3"]
[ECO "E61"]
[Time "17:05:22"]
[TimeControl "2700+45"]

1. d4 Nf6 2. c4 g6 3. Nc3 Bg7 4. Nf3 O-O 5. Bg5 h6 6. Bh4 d6 7. e3 g5 8. Bg3 Nh5
9. Bd3 Nxg3 10. hxg3 e5 11. dxe5 dxe5 12. Bc2 Bg4 13. Qd3 Qxd3 14. Bxd3 c6 15.
Nxg5 hxg5 16. Bh7+ Kh8 17. Bf5+ Kg8 18. Bxg4 f5 19. Be2 Nd7 20. O-O-O Rad8 21.
c5 Rfe8 22. Bc4+ Kf8 23. b4 e4 24. Ne2 Ne5 25. Bb3 Nd3+ 26. Kb1 Nxf2 27. Rxd8
Rxd8 28. Rf1 Nd3 29. Rxf5+ Ke8 30. Rxg5 Bf6 31. Rg8+ Ke7 32. Rxd8 Kxd8 33. a3
Bg5 34. Nf4 Ke7 35. Bc2 Bxf4 36. gxf4 Kf6 37. Bxd3 exd3 38. g4 Ke6 39. Kb2 Kd5
40. Kc3 Ke4 41. Kd2 b6 42. g5 Kd5 43. f5 bxc5 44. bxc5 a5 45. g6 {Black resigns}
1-0

[Event "Team 45 45 League T44"]
[Site "Internet Chess Club"]
[Date "2010.02.28"]
[Round "4"]
[White "chess92192"]
[Black "mickeys"]
[Result "0-1"]
[WhiteElo "2003"]
[BlackElo "1905"]
[Opening "QGD: Charousek (Petrosian) variation"]
[ECO "D31"]
[Time "18:01:12"]
[TimeControl "2700+45"]

1. d4 e6 2. c4 d5 3. Nc3 Be7 4. Nf3 Nf6 5. Bg5 Nc6 6. e3 O-O 7. Rc1 Ne4 8. Nxe4
dxe4 9. Bxe7 Qxe7 10. Nd2 f5 11. c5 Kh8 12. Bc4 e5 13. d5 Nb4 14. a3 Nd3+ 15.
Bxd3 exd3 16. e4 fxe4 17. Nxe4 Rf4 18. f3 Bf5 19. O-O Bxe4 20. fxe4 Rxf1+ 21.
Qxf1 d2 22. Rc2 Qg5 23. Qe2 Qe3+ 24. Qxe3 d1=Q+ 25. Kf2 Qxc2+ 26. Kg3 Rf8 27. d6
cxd6 28. cxd6 Qd1 29. Qc5 Qd3+ 30. Kh4 Qxe4+ 31. g4 Qd4 32. d7 Qxc5 {White
resigns} 0-1

[Event "Team 45 45 League T44"]
[Site "Internet Chess Club"]
[Date "2010.02.27"]
[Round "4"]
[White "Chess2Play"]
[Black "hewdondada"]
[Result "0-1"]
[WhiteElo "1693"]
[BlackElo "1801"]
[Opening "QGD Slav: Tolush-Geller gambit"]
[ECO "D15"]
[Time "09:08:20"]
[TimeControl "2700+45"]

1. d4 d5 2. c4 c6 3. Nc3 Nf6 4. Nf3 dxc4 5. e4 b5 6. e5 Nd5 7. a4 Nxc3 8. bxc3
e6 9. axb5 cxb5 10. Ng5 Bb7 11. Qh5 g6 12. Qf3 Bxf3 13. Nxf3 Be7 14. Be2 O-O 15.
O-O Nd7 16. Be3 Nb6 17. Rfb1 a6 18. Nd2 Nd5 19. Bh6 Re8 20. Ne4 f5 21. Ng3 Nxc3
22. Rc1 Nxe2+ 23. Nxe2 Bg5 24. Bxg5 Qxg5 25. Rd1 Red8 26. Nc3 b4 27. Na4 c3 28.
Nc5 Qe7 29. g3 a5 30. Na4 c2 31. Rd2 b3 32. Nb2 Qb4 {White resigns} 0-1

[Event "Team 45 45 League T44"]
[Site "Internet Chess Club"]
[Date "2010.02.26"]
[Round "4"]
[White "mugurelt"]
[Black "az2112"]
[Result "0-1"]
[WhiteElo "1743"]
[BlackElo "1734"]
[Opening "English: symmetrical variation"]
[ECO "A36"]
[Time "21:33:29"]
[TimeControl "2700+45"]

1. c4 c5 2. Nc3 Nc6 3. g3 Nf6 4. Bg2 e6 5. Nf3 d5 6. cxd5 Nxd5 7. d3 Be7 8. O-O
O-O 9. Rb1 Bf6 10. Nxd5 exd5 11. b3 Nb4 12. a3 Na2 13. Bd2 Nc3 14. Bxc3 Bxc3 15.
Qc2 Qf6 16. Rfc1 d4 17. Nd2 Bxd2 18. Qxd2 Rb8 19. Rxc5 Qd6 20. Qb4 b6 21. Rc4
Qe5 22. Rxd4 Qxe2 23. Re1 Qh5 24. Qd6 Be6 25. b4 a5 26. Qe5 Qxe5 27. Rxe5 axb4
28. axb4 Rfc8 29. Re1 Rc3 30. Ra1 Bf5 31. Be4 Bh3 32. Rc4 Rc8 33. Rxc3 Rxc3 34.
Ra8+ Rc8 35. Rxc8+ Bxc8 36. f4 Kf8 37. Kf2 f5 38. Bc6 Ke7 39. d4 Bd7 40. d5 b5
41. Ke3 Bxc6 42. dxc6 Kd6 43. Kd4 Kxc6 44. Ke5 g6 45. h4 Kc7 46. Kd5 Kd7 47. Kc5
Ke6 48. Kxb5 Kd5 49. Ka5 Ke4 50. b5 Kf3 51. b6 Kxg3 52. b7 Kxf4 53. b8=Q+ Kg4
54. Qg3+ Kxg3 {White resigns} 0-1

[Event "Team 45 45 League T44"]
[Site "Internet Chess Club"]
[Date "2010.02.26"]
[Round "4"]
[White "dscvdchk"]
[Black "toukon"]
[Result "0-1"]
[WhiteElo "1569"]
[BlackElo "1487"]
[Opening "QGD Slav: Dutch variation, main line"]
[ECO "D19"]
[Time "12:01:09"]
[TimeControl "2700+45"]

1. d4 d5 2. c4 c6 3. Nf3 Nf6 4. Nc3 dxc4 5. a4 Bf5 6. e3 e6 7. Bxc4 Bb4 8. O-O
O-O 9. Qe2 Bg6 10. Ne5 Qc7 11. Nxg6 hxg6 12. e4 Rd8 13. e5 Nd5 14. Nxd5 cxd5 15.
Bd3 Nc6 16. Be3 Qe7 17. Qg4 Rdc8 18. Rfc1 Na5 19. Rxc8+ Rxc8 20. Rc1 Rxc1+ 21.
Bxc1 Nb3 22. Be3 Bd2 23. Bxd2 Nxd2 24. Qd1 Qb4 25. Qc2 Nc4 26. Qc3 Qxa4 27. b3
Qa5 28. Qxa5 Nxa5 29. Bc2 Nc6 30. f3 Nxd4 31. Bd1 Kf8 32. Kf2 Ke8 33. Ke3 Nc6
34. f4 Kd8 35. g4 Kc7 36. h4 Kb6 37. Kd3 Kc5 38. g5 a5 39. Kc3 b5 40. Kd3 Kb4
41. Kc2 a4 42. bxa4 bxa4 43. Kb2 a3+ 44. Ka2 d4 45. Bf3 Nd8 46. Be4 Kc3 47. Kxa3
d3 48. Ka4 d2 49. Bf3 Kc2 50. Kb5 d1=Q 51. Bxd1+ Kxd1 52. Kc5 Ke2 53. Kd6 Ke3
54. Ke7 Kxf4 55. Kxd8 Kxe5 56. Ke7 Kf5 57. Kxf7 e5 58. Kxg7 e4 59. Kh6 e3 60. h5
e2 {White resigns} 0-1